[Event "Titled Tuesday Blitz May 16 Early 2023"]
[White "Moksh Amit Doshi"]
[Black "Wimalasuriya, Kasun M."]
[WhiteFideId "25064967"]
[BlackFideId "9906789"]
[WhiteElo "2297"]
[BlackElo "2272"]
[Result "1-0"]
[Round "08"]
[TimeControl "180+2"]
[Date "2023.05.16"]
[WhiteClock "0:00:23"]
[BlackClock "0:01:01"]

1. e4 c5 2. Nf3 Nc6 3. Bb5 g6 4. O-O Bg7 5. c3 Nf6 6. Re1 O-O 7. d4 cxd4 8. cxd4 d5 9. e5 Ne4 10. Be3 Bd7 11. Bd3 Bf5 12. a3 Rc8 13. h3 Qb6 14. b4 Qc7 15. Qb3 Rfd8 16. a4 h5 17. Na3 a6 18. Rec1 Qb8 19. b5 axb5 20. axb5 Na5 21. Qb4 b6 22. Qxe7 Bf8 23. Qh4 Rxc1+ 24. Bxc1 Nb3 25. Rb1 Nxc1 26. Rxc1 Bxa3 27. Rc6 Bd7 28. Rc2 Bf5 29. g4 Be6 30. gxh5 Rc8 31. hxg6 fxg6 32. Bxe4 dxe4 33. Qxe4 Bf5 34. Qd5+ Kg7 35. Ra2 Rc1+ 36. Kg2 Qh8 37. Qb7+ Kg8 38. Ng5 Qh5 39. Qd5+ Kh8 40. Qd8+ Kg7 41. Qf6+ Kg8 42. Rxa3 Bxh3+ 43. Rxh3 Qg4+ 44. Rg3 1-0


[Site "https://www.chess.com"]

[Event "Titled Tuesday Blitz May 16 Early 2023"]
[White "Altman, Joshua"]
[Black "Aydincelebi, Kagan"]
[WhiteFideId "426210"]
[BlackFideId "6361102"]
[WhiteElo "2028"]
[BlackElo "2180"]
[Result "0-1"]
[Round "08"]
[TimeControl "180+2"]
[Date "2023.05.16"]
[WhiteClock "0:00:21"]
[BlackClock "0:01:15"]

1. d4 Nf6 2. c4 e6 3. Nf3 c5 4. d5 exd5 5. cxd5 d6 6. Nc3 g6 7. Bf4 a6 8. a4 Bg7 9. e3 O-O 10. h3 Qe7 11. Nd2 Nbd7 12. Be2 Rb8 13. O-O Ne8 14. e4 Nc7 15. Nc4 Ne5 16. Nxe5 Bxe5 17. Bxe5 Qxe5 18. f4 Qd4+ 19. Kh1 Re8 20. Bf3 b5 21. axb5 Nxb5 22. Nxb5 Rxb5 23. Qxd4 cxd4 24. Rfd1 Rb4 25. Rac1 Bd7 26. Rc7 Bb5 27. Rd2 d3 28. Rb7 Ra4 29. Rb6 Raxe4 30. Bxe4 Rxe4 31. Kg1 Rxf4 32. Rxd6 Kf8 33. Rb6 Ke7 34. Rf2 Rxf2 35. Rxb5 Rxg2+ 36. Kxg2 axb5 37. Kf2 Kd6 38. Ke3 Kxd5 39. Kxd3 f5 40. Ke3 g5 41. h4 gxh4 42. Kf4 Kc4 43. Kxf5 h3 0-1


[Site "https://www.chess.com"]

[Event "Titled Tuesday Blitz May 16 Early 2023"]
[White "Molina, Roberto Junio Brito"]
[Black "Tokman, Ariel"]
[WhiteFideId "2109450"]
[BlackFideId "117420"]
[WhiteElo "2376"]
[BlackElo "2263"]
[Result "1-0"]
[Round "08"]
[TimeControl "180+2"]
[Date "2023.05.16"]
[WhiteClock "0:00:24"]
[BlackClock "0:00:03"]

1. d4 Nf6 2. c4 b6 3. Nc3 Bb7 4. f3 d6 5. e4 Nbd7 6. Be3 e5 7. d5 Be7 8. Qd2 O-O 9. g4 Nc5 10. b4 Ncd7 11. h4 a5 12. b5 Nc5 13. h5 h6 14. Nh3 Nh7 15. O-O-O Ng5 16. Ng1 a4 17. Kc2 a3 18. Be2 Bc8 19. Rf1 Bd7 20. Rf2 Qb8 21. Rg2 Qa7 22. Nh3 f6 23. Nf2 Na4 24. Rb1 Nc5 25. Nh1 Qa5 26. Ng3 Na4 27. Rb3 Nc5 28. Bxc5 bxc5 29. Nf1 Rfb8 30. Rh2 Qb6 31. Ne3 Qa5 32. Rh1 Rf8 33. Kd1 Rfb8 34. Ke1 Rf8 35. Kf2 Rfb8 36. Kg2 Rf8 37. Nc2 Qb6 38. Nxa3 Ra5 39. Nc2 Rfa8 40. a4 Be8 41. Rb2 Bd7 42. Ra1 Rf8 43. Rf1 g6 44. hxg6 Kg7 45. Rh1 Kxg6 46. Ne3 Rh8 47. Rh2 Qa7 48. Rb1 Qa8 49. Rbh1 Kg7 50. Qc2 Qa7 51. Kf2 Qb8 52. Bd1 Ra8 53. Qd2 Qa7 54. Na2 Qb7 55. Nc1 Qa7 56. Bc2 Qb7 57. a5 Qa7 58. a6 Qb6 59. Ne2 Rh7 60. Ng3 Rah8 61. Ngf5+ Kf8 62. Rxh6 Rxh6 63. Rxh6 Rxh6 64. Nxh6 Bc8 65. Nef5 Bd8 66. Kg3 Ke8 67. Ng7+ Kf8 68. Nhf5 Kf7 69. Bd1 Bd7 70. Nh5 Bc8 71. Ne3 Bd7 72. Be2 Bc8 73. Bf1 Bd7 74. Kf2 Bc8 75. Bg2 Bd7 76. Ng3 Bc8 77. Nd1 Bd7 78. Nb2 Bc8 79. Na4 Qa7 80. Ke1 Bxa6 81. bxa6 Qxa6 82. Nc3 Qa1+ 83. Nd1 Qb1 84. Kf2 Qa1 85. Ne2 Qa3 86. Nec3 Qb4 87. Bf1 Ke7 88. Qb2 Qa5 89. Kg3 Kf7 90. Ne3 Ke8 91. Qb5+ Qxb5 92. Nxb5 Kd7 93. Nf5 Nf7 94. Kh4 Ng5 95. Bg2 Nf7 96. Kh5 Ng5 97. Kg6 1-0


[Site "https://www.chess.com"]

[Event "Titled Tuesday Blitz May 16 Early 2023"]
[White "Lesbekova, Assel"]
[Black "Mikhailovsky, Vladimir"]
[WhiteFideId "13713248"]
[BlackFideId "34105414"]
[WhiteElo "1805"]
[BlackElo "2271"]
[Result "0-1"]
[Round "08"]
[TimeControl "180+2"]
[Date "2023.05.16"]
[WhiteClock "0:00:12"]
[BlackClock "0:01:48"]

1. e4 e5 2. Nf3 d5 3. Nxe5 Bd6 4. d4 dxe4 5. Nc4 Nf6 6. Nxd6+ Qxd6 7. Be2 O-O 8. c3 Rd8 9. Na3 c5 10. dxc5 Qe7 11. Qc2 Nbd7 12. b4 Ne5 13. O-O Qc7 14. Bf4 Nf3+ 15. Bxf3 Qxf4 16. Be2 Rd2 17. Qc1 Bg4 18. Nc4 Rad8 19. Nxd2 Rxd2 20. Bc4 Bf3 21. gxf3 exf3 22. Kh1 Ng4 23. Qxd2 Qxh2# 0-1


[Site "https://www.chess.com"]

[Event "Titled Tuesday Blitz May 16 Early 2023"]
[White "Rozman, Levy"]
[Black "Shvedova, Alexandra"]
[WhiteFideId "2039877"]
[BlackFideId "54154782"]
[WhiteElo "2376"]
[BlackElo "1973"]
[Result "1-0"]
[Round "08"]
[TimeControl "180+2"]
[Date "2023.05.16"]
[WhiteClock "0:00:03"]
[BlackClock "0:00:16"]

1. e4 c5 2. Nc3 Nc6 3. Bb5 Nd4 4. Nf3 a6 5. Bc4 e6 6. O-O Nf6 7. e5 d5 8. exf6 dxc4 9. fxg7 Bxg7 10. d3 cxd3 11. Qxd3 Bd7 12. Nxd4 cxd4 13. Ne4 Qc7 14. Bg5 Bb5 15. Qa3 Bxf1 16. Rxf1 Kd7 17. Rd1 Be5 18. g3 Qxc2 19. Qe7+ Kc8 20. Rc1 Qxc1+ 21. Bxc1 Kb8 22. Bf4 Bxf4 23. gxf4 Ka7 24. Qc5+ Kb8 25. Qxd4 Rg8+ 26. Kf1 a5 27. Nf6 Rc8 28. Qd6+ Ka7 29. Nd7 Rc6 30. Qd4+ b6 31. Ne5 Rc1+ 32. Kg2 Rac8 33. a4 R8c7 34. Nf3 R1c4 35. Qd1 Rxf4 36. h3 Rfc4 37. b3 Rc1 38. Qd3 R1c3 39. Qxh7 Rxb3 40. Nd4 Rb4 41. Nb5+ Rxb5 42. axb5 a4 43. Qe4 a3 44. Qa4+ Kb7 45. Qa6+ Kb8 46. Qxa3 Rc5 47. Qd3 Kc7 48. h4 Rd5 49. Qxd5 exd5 50. h5 1-0


[Site "https://www.chess.com"]

[Event "Titled Tuesday Blitz May 16 Early 2023"]
[White "Halkias, Stelios"]
[Black "Estrada Nieto, Julian"]
[WhiteFideId "4201809"]
[BlackFideId "5101018"]
[WhiteElo "2451"]
[BlackElo "2161"]
[Result "1-0"]
[Round "08"]
[TimeControl "180+2"]
[Date "2023.05.16"]
[WhiteClock "0:00:42"]
[BlackClock "0:00:00"]

1. Nf3 d5 2. d4 Nf6 3. c4 dxc4 4. e3 e6 5. Bxc4 c5 6. O-O a6 7. Re1 Nc6 8. Nc3 Be7 9. d5 exd5 10. Nxd5 Nxd5 11. Bxd5 O-O 12. e4 Bg4 13. h3 Bxf3 14. Qxf3 Nd4 15. Qd1 Qb6 16. Bd2 Rab8 17. Bc3 Nb5 18. Be5 Bd6 19. Bxd6 Qxd6 20. e5 Qd8 21. Rc1 b6 22. Bc4 Nc7 23. Qg4 Qe7 24. Rcd1 Rbd8 25. f4 b5 26. Be2 f5 27. Qf3 Ne6 28. Bd3 Nd4 29. Qe3 a5 30. b3 h6 31. Kh2 Rd7 32. a4 b4 33. Bc4+ Kh7 34. Rd3 Rfd8 35. Red1 g5 36. e6 Rd6 37. fxg5 hxg5 38. Qe5 Kg6 39. Qxc5 f4 40. Rxd4 Rxd4 41. Qxe7 Rxd1 42. Qf7+ Kh6 43. Qf6+ Kh7 44. e7 1-0


[Site "https://www.chess.com"]

[Event "Titled Tuesday Blitz May 16 Early 2023"]
[White "Itgelt, Khuyagtsogt"]
[Black "Shuvalov, Evgenij"]
[WhiteFideId "4902912"]
[BlackFideId "4187237"]
[WhiteElo "2227"]
[BlackElo "2080"]
[Result "0-1"]
[Round "08"]
[TimeControl "180+2"]
[Date "2023.05.16"]
[WhiteClock "0:00:03"]
[BlackClock "0:00:33"]

1. Nf3 Nf6 2. d4 g6 3. g3 Bg7 4. Bg2 d5 5. O-O O-O 6. c4 c6 7. cxd5 cxd5 8. Nc3 Ne4 9. Bf4 Nc6 10. Re1 Bf5 11. Nh4 Bxd4 12. Nxe4 Bxe4 13. Bxe4 dxe4 14. Qd2 Qb6 15. Be3 Bxe3 16. Qxe3 Qxe3 17. fxe3 Rfd8 18. Red1 f5 19. Kf2 Kf7 20. Ng2 Rxd1 21. Rxd1 Rd8 22. Rb1 Ne5 23. Ke1 Rc8 24. Kd1 Ng4 25. h4 h6 26. b3 g5 27. hxg5 hxg5 28. Kd2 Rh8 29. Rc1 Rh2 30. Ne1 Rh3 31. Rc7 Rxg3 32. Nc2 Rg1 33. Rxb7 Nf2 34. Rxa7 g4 35. Ra5 e6 36. Nd4 g3 37. Ra7+ Kf6 38. Ra6 Rd1+ 39. Kc2 Rxd4 40. exd4 g2 41. d5 g1=Q 42. Rxe6+ Kf7 0-1


[Site "https://www.chess.com"]

[Event "Titled Tuesday Blitz May 16 Early 2023"]
[White "Sakun, Volodymyr"]
[Black "Chernomordik, Pavel"]
[WhiteFideId "14114062"]
[BlackFideId "2804530"]
[WhiteElo "2318"]
[BlackElo "2193"]
[Result "0-1"]
[Round "08"]
[TimeControl "180+2"]
[Date "2023.05.16"]
[WhiteClock "0:00:00"]
[BlackClock "0:00:01"]

1. d4 g6 2. e4 Bg7 3. Nf3 d6 4. c3 Nf6 5. Bd3 c5 6. d5 O-O 7. Nbd2 e6 8. dxe6 Bxe6 9. O-O Nc6 10. Re1 d5 11. h3 dxe4 12. Nxe4 c4 13. Nxf6+ Bxf6 14. Be4 Qb6 15. Bh6 Rad8 16. Qc2 Rfe8 17. Ng5 Bc8 18. Rad1 Ne5 19. Bd5 Qc5 20. Ne4 Qb6 21. Be3 Qa6 22. Nc5 Qa5 23. Bxb7 Nd3 24. Bxc8 Nxe1 25. Rxe1 Rxc8 26. Ne4 Qf5 27. f3 Bh4 28. Rf1 Bd8 29. Bxa7 Ra8 30. Bd4 Rxa2 31. Qb1 Ra6 32. Qc1 Rae6 33. Qh6 f6 34. g4 Qb5 35. g5 Rxe4 36. fxe4 Qxg5+ 37. Qxg5 fxg5 38. e5 Bc7 39. Re1 Kf7 40. Kg2 Ke6 41. Rf1 Bd8 42. Rf3 Be7 43. Kf2 Rb8 44. Ke3 Rxb2 45. Rg3 h5 46. Kf3 Rd2 47. Ke4 Rh2 48. Be3 g4 49. hxg4 h4 50. Rf3 Rg2 51. Rh3 Rxg4+ 52. Kf3 Kf5 53. e6 Re4 54. Bd4 g5 55. Rh1 g4+ 56. Kg2 Kxe6 57. Rf1 Bd6 58. Ra1 h3+ 59. Kf2 g3+ 60. Kf3 Rh4 61. Re1+ Kd5 62. Bg1 h2 63. Kg2 h1=Q+ 64. Kf1 Qf3+ 0-1


[Site "https://www.chess.com"]

[Event "Titled Tuesday Blitz May 16 Early 2023"]
[White "Degenbaev, Aziz"]
[Black "Girya, Olga"]
[WhiteFideId "13802640"]
[BlackFideId "4195752"]
[WhiteElo "2152"]
[BlackElo "2263"]
[Result "1-0"]
[Round "08"]
[TimeControl "180+2"]
[Date "2023.05.16"]
[WhiteClock "0:00:42"]
[BlackClock "0:00:01"]

1. e4 e5 2. Nf3 Nc6 3. d4 exd4 4. Nxd4 Nf6 5. Nxc6 bxc6 6. e5 Qe7 7. Qe2 Nd5 8. h4 d6 9. c4 Nb6 10. exd6 Qxe2+ 11. Bxe2 Bxd6 12. Nc3 O-O 13. Bd2 Re8 14. O-O Bb4 15. Rfe1 Be6 16. a3 Bxc3 17. Bxc3 Bxc4 18. Bxc4 Nxc4 19. Rac1 Nb6 20. Be5 Re7 21. Bg3 Rxe1+ 22. Rxe1 Nd5 23. Rc1 Rb8 24. Rxc6 Rxb2 25. Bxc7 h5 26. Bg3 Rb1+ 27. Kh2 Nf6 28. f3 Rb7 29. Rc5 g6 30. Ra5 Nd7 31. Bf2 Nb6 32. Kg3 Nc4 33. Ra6 Nb6 34. Bd4 Kf8 35. Kf4 Ke7 36. Ke4 Nc8 37. Bc5+ Kd7 38. g4 hxg4 39. fxg4 Rc7 40. Bb4 Rc4+ 41. Kf3 Rc1 42. h5 Rh1 43. hxg6 fxg6 44. Rxg6 Nb6 45. Rg7+ Kc6 46. Rxa7 Nd5 47. Ke4 Rg1 48. Ra6+ Kb7 49. Rg6 Nb6 50. Bc5 Nc4 51. Bxg1 1-0


[Site "https://www.chess.com"]

[Event "Titled Tuesday Blitz May 16 Early 2023"]
[White "Ismagilov, Damir"]
[Black "Ladan, Nicholas"]
[WhiteFideId "34199982"]
[BlackFideId "30918855"]
[WhiteElo "2143"]
[BlackElo "2167"]
[Result "1/2-1/2"]
[Round "08"]
[TimeControl "180+2"]
[Date "2023.05.16"]
[WhiteClock "0:00:34"]
[BlackClock "0:00:19"]

1. f4 d5 2. Nf3 g6 3. g3 Bg7 4. Bg2 Nh6 5. O-O Nf5 6. d3 h5 7. e4 dxe4 8. dxe4 Nd4 9. c3 Nxf3+ 10. Bxf3 Qxd1 11. Rxd1 Bg4 12. Bxg4 hxg4 13. Na3 Nd7 14. Nb5 O-O-O 15. Nxa7+ Kb8 16. Nb5 Nc5 17. Be3 Nxe4 18. Bd4 Bxd4+ 19. Nxd4 c5 20. Nc2 Nd2 21. Ne1 Nc4 22. b3 Ne3 23. Rd3 Rxd3 24. Nxd3 Rd8 25. Ne5 f6 26. Nxg6 Rd2 27. Nxe7 Nd1 28. Ng8 f5 29. Ne7 Nf2 30. Nxf5 Nh3+ 31. Kh1 Nf2+ 32. Kg1 Nh3+ 33. Kf1 Rxh2 34. Rd1 Rxa2 35. Ne3 Rf2+ 36. Ke1 Rf3 37. Nxg4 Rxg3 38. Ne5 Rxc3 39. Rd3 Rxd3 40. Nxd3 b5 41. Kf1 c4 42. bxc4 bxc4 43. Nb2 c3 44. Nd3 c2 45. Ke1 Nxf4 46. Nc1 Nd3+ 47. Nxd3 c1=N 1/2-1/2


[Site "https://www.chess.com"]

[Event "Titled Tuesday Blitz May 16 Early 2023"]
[White "Camilla_Lee"]
[Black "Eynullayev, Atilla"]
[BlackFideId "13413570"]
[WhiteElo "2610"]
[BlackElo "2181"]
[Result "1-0"]
[Round "08"]
[TimeControl "180+2"]
[Date "2023.05.16"]
[WhiteClock "0:00:06"]
[BlackClock "0:00:06"]

1. e4 c5 2. Nf3 e6 3. d4 cxd4 4. Nxd4 a6 5. Bd3 Bc5 6. Nb3 Ba7 7. Qg4 Nf6 8. Qg3 d6 9. f4 h5 10. Be3 h4 11. Qf3 Nc6 12. Bxa7 Rxa7 13. Nc3 e5 14. O-O-O Bg4 15. Qe3 Bxd1 16. Rxd1 Ra8 17. fxe5 Nxe5 18. Be2 Qc7 19. Nd4 Rd8 20. Nf5 g6 21. Qg5 Nh7 22. Ng7+ Kf8 23. Qh6 Kg8 24. Nd5 Qd7 25. Rf1 f5 26. Nxf5 gxf5 27. Rxf5 Rf8 28. Rxf8+ Nxf8 29. Nf6+ Kf7 30. Qxh8 Qe6 31. Bh5+ Neg6 32. Nh7 Qxe4 33. Qxf8+ Ke6 34. Qe8+ 1-0


[Site "https://www.chess.com"]

[Event "Titled Tuesday Blitz May 16 Early 2023"]
[White "Baches Garcia, Guillermo"]
[Black "bubeliang"]
[WhiteFideId "2209764"]
[WhiteElo "2488"]
[BlackElo "2607"]
[Result "0-1"]
[Round "08"]
[TimeControl "180+2"]
[Date "2023.05.16"]
[WhiteClock "0:00:00"]
[BlackClock "0:00:16"]

1. e4 c6 2. d4 d5 3. e5 c5 4. Nf3 Nc6 5. dxc5 Bg4 6. c3 e6 7. Be3 Nge7 8. Bd4 a6 9. Nbd2 Ng6 10. h3 Bf5 11. b4 Be7 12. Nb3 Qc7 13. Qe2 f6 14. exf6 gxf6 15. g4 Be4 16. Be3 h5 17. Bg2 O-O-O 18. Nbd4 Qd7 19. Nxc6 Qxc6 20. Nd4 Qd7 21. f3 e5 22. fxe4 exd4 23. cxd4 hxg4 24. exd5 f5 25. d6 Bh4+ 26. Kd2 f4 27. Bf2 f3 28. Qe4 Bxf2 29. Qxg6 fxg2 30. Rhd1 g1=Q 0-1


[Site "https://www.chess.com"]

[Event "Titled Tuesday Blitz May 16 Early 2023"]
[White "Tanmay Jain"]
[Black "Agibileg, Uurtsaikh"]
[WhiteFideId "45015481"]
[BlackFideId "4901606"]
[WhiteElo "2032"]
[BlackElo "2353"]
[Result "1/2-1/2"]
[Round "08"]
[TimeControl "180+2"]
[Date "2023.05.16"]
[WhiteClock "0:00:25"]
[BlackClock "0:00:28"]

1. e4 c5 2. Nf3 Nc6 3. g3 d5 4. exd5 Qxd5 5. Bg2 Qe4+ 6. Qe2 Qxe2+ 7. Kxe2 Bg4 8. c3 O-O-O 9. d3 Nf6 10. h3 Bf5 11. Rd1 e5 12. Be3 Be7 13. Na3 Bxd3+ 14. Rxd3 Rxd3 15. Kxd3 e4+ 16. Ke2 exf3+ 17. Bxf3 Ne5 18. Bg2 Rd8 19. Rd1 Rxd1 20. Kxd1 a6 21. Ke2 b5 22. f4 Ned7 23. Nc2 Nb6 24. Ne1 Nc4 25. Bc1 Kc7 26. Nd3 Bd6 27. b3 Nb6 28. Be3 Nbd7 29. g4 h6 30. Nf2 Nb6 31. Ne4 Nxe4 32. Bxe4 Nd7 33. Bd5 f6 34. Kd3 Be7 35. Ke4 Nf8 36. f5 Bd6 37. Bf7 Nd7 38. Kd5 Nf8 39. Bxc5 Bxc5 40. Kxc5 Nd7+ 41. Kd4 Kd6 42. Bd5 a5 43. Be4 Ne5 44. Bd3 Nc6+ 45. Ke4 Kc5 46. Be2 Ne5 47. h4 Nf7 48. Bd3 Nd6+ 49. Ke3 Kd5 50. Be2 Kc5 51. Bd3 Nf7 52. Be2 Ne5 53. Ke4 Nf7 54. Ke3 Ne5 55. Ke4 1/2-1/2


[Site "https://www.chess.com"]

[Event "Titled Tuesday Blitz May 16 Early 2023"]
[White "Odegov, Artem"]
[Black "Toncheva, Nadya"]
[WhiteFideId "34183644"]
[BlackFideId "2924056"]
[WhiteElo "2300"]
[BlackElo "2101"]
[Result "1-0"]
[Round "08"]
[TimeControl "180+2"]
[Date "2023.05.16"]
[WhiteClock "0:00:23"]
[BlackClock "0:00:00"]

1. d4 d5 2. c4 dxc4 3. Nf3 Nf6 4. e3 Bg4 5. Bxc4 e6 6. h3 Bh5 7. g4 Bg6 8. Nc3 Nbd7 9. O-O a6 10. Qe2 h5 11. g5 Ne4 12. Nxe4 Bxe4 13. h4 Bd6 14. Nd2 Bf5 15. f4 Bg4 16. Qg2 b5 17. Bb3 O-O 18. Ne4 Be7 19. Bd2 c5 20. d5 c4 21. d6 cxb3 22. dxe7 Qxe7 23. axb3 Rfd8 24. Bc3 e5 25. f5 b4 26. Be1 Nb6 27. f6 Qe6 28. fxg7 Bh3 29. Nf6+ Kxg7 30. Nxh5+ Kf8 31. Bxb4+ Kg8 32. Nf6+ Kg7 33. Qe4 Rh8 34. Bc3 Bxf1 35. Rxf1 Rae8 36. h5 Re7 37. h6+ Kf8 38. Bb4 Nc8 39. Rc1 Qh3 40. Bxe7+ Kxe7 41. Qb4+ Ke6 42. Rc6+ Kf5 43. Qe4+ Kxg5 44. Qxe5+ Kxh6 45. Ne4+ Kh7 46. Ng5+ 1-0


[Site "https://www.chess.com"]

[Event "Titled Tuesday Blitz May 16 Early 2023"]
[White "SashaKuzhilniy"]
[Black "Osinovsky, Stepan"]
[BlackFideId "4157354"]
[WhiteElo "2585"]
[BlackElo "2222"]
[Result "1-0"]
[Round "08"]
[TimeControl "180+2"]
[Date "2023.05.16"]
[WhiteClock "0:00:36"]
[BlackClock "0:00:00"]

1. b3 Nf6 2. Bb2 g6 3. Nf3 Bg7 4. g3 O-O 5. Bg2 d6 6. d4 e5 7. dxe5 Ng4 8. c4 Nc6 9. Nc3 Ngxe5 10. Nxe5 Nxe5 11. O-O Re8 12. Qd2 a5 13. Rfd1 a4 14. Nd5 axb3 15. axb3 Rxa1 16. Bxa1 Bd7 17. h3 Bc6 18. Bc3 h5 19. Qb2 Bxd5 20. Bxd5 c6 21. Bg2 Qe7 22. f4 Nxc4 23. bxc4 Qe3+ 24. Kh2 Bxc3 25. Qc1 Qxc1 26. Rxc1 Bd4 27. Bf3 h4 28. Rb1 Re7 29. gxh4 Be3 30. f5 gxf5 31. h5 Kg7 32. Rd1 Re6 33. Rd3 Kf6 34. Rb3 Re7 35. Ra3 Bf4+ 36. Kg2 Re8 37. Kf2 1-0


[Site "https://www.chess.com"]

[Event "Titled Tuesday Blitz May 16 Early 2023"]
[White "egorchess95"]
[Black "Liu, Casper"]
[BlackFideId "1454153"]
[WhiteElo "2565"]
[BlackElo "2221"]
[Result "1-0"]
[Round "08"]
[TimeControl "180+2"]
[Date "2023.05.16"]
[WhiteClock "0:01:30"]
[BlackClock "0:00:00"]

1. e4 c5 2. Nf3 d6 3. d4 cxd4 4. Qxd4 Nf6 5. Nc3 Nc6 6. Bb5 Bd7 7. Bxc6 bxc6 8. e5 dxe5 9. Nxe5 g6 10. Bg5 Bg7 11. Rd1 Be6 12. Qxd8+ Rxd8 13. Rxd8+ Kxd8 14. Nxc6+ Kc7 15. Nxa7 Kb6 16. Nab5 Bc4 17. Be3+ Ka6 18. Na3 Be6 19. Bd4 Rd8 20. Be5 Bh6 21. O-O Nd7 22. Bd4 Bf5 23. Rd1 Rb8 24. Nc4 Bxc2 25. Re1 e6 26. b3 Bd3 27. Nb2 Bf5 28. Nca4 Rc8 29. Nc4 Bd3 30. Nab2 Bf5 31. h3 Bf4 32. Be3 Bb8 33. g4 Bc2 34. Bd2 Nf6 35. f3 Nd5 36. Rc1 1-0


[Site "https://www.chess.com"]

[Event "Titled Tuesday Blitz May 16 Early 2023"]
[White "Janaszak, Dawid"]
[Black "Zavortink, Matt"]
[WhiteFideId "1119206"]
[BlackFideId "2034263"]
[WhiteElo "2220"]
[BlackElo "2453"]
[Result "0-1"]
[Round "08"]
[TimeControl "180+2"]
[Date "2023.05.16"]
[WhiteClock "0:01:42"]
[BlackClock "0:00:04"]

1. e4 e6 2. b3 d5 3. Bb2 Nc6 4. d3 d4 5. Nd2 e5 6. f4 exf4 7. Ngf3 Bc5 8. Qe2 Nge7 9. O-O-O O-O 10. g3 Ng6 11. h4 fxg3 12. Qg2 Bd6 13. Nc4 Nf4 14. Qd2 Bg4 15. Nxd6 Qxd6 16. Be2 Rad8 17. Rdg1 g2 18. Rh2 Nxe2+ 19. Qxe2 Bxf3 20. Qxf3 Qxh2 21. Rxg2 Qh1+ 22. Kd2 Qxh4 23. Ba3 Rfe8 24. Kc1 Re6 25. Kb2 Rf6 26. Qd1 Rg6 27. Re2 b5 28. Bc5 Qh5 29. b4 Rg2 30. Re1 Qxd1 31. Rxd1 a6 32. a4 Rb8 33. a5 Re8 34. Kb3 g6 35. c3 dxc3 36. Kxc3 Rd8 37. d4 Rg3+ 38. Kc2 f6 39. d5 Ne5 40. Rf1 Kf7 41. Bd4 Nd7 42. Rh1 h5 43. Rf1 Ke7 44. Bf2 Rg2 45. Kd3 Ne5+ 46. Kd4 Ng4 47. Be3 Nxe3 48. Kxe3 h4 49. Rc1 Rd7 50. Kf3 Rb2 51. Rc6 Rxb4 52. Re6+ Kf7 53. Kg4 Re7 54. Rxa6 Rexe4+ 55. Kf3 Rf4+ 56. Ke3 Rfe4+ 57. Kd3 Rbd4+ 58. Kc3 Rc4+ 59. Kb3 h3 60. Ra7 h2 61. d6 h1=Q 62. Rxc7+ Rxc7 63. d7 Qf3+ 0-1


[Site "https://www.chess.com"]

[Event "Titled Tuesday Blitz May 16 Early 2023"]
[White "Bettalli, Francesco"]
[Black "Colbow, Collin"]
[WhiteFideId "2816453"]
[BlackFideId "16201132"]
[WhiteElo "2216"]
[BlackElo "2351"]
[Result "1/2-1/2"]
[Round "08"]
[TimeControl "180+2"]
[Date "2023.05.16"]
[WhiteClock "0:01:04"]
[BlackClock "0:00:14"]

1. d4 d5 2. Nc3 Nf6 3. Bf4 a6 4. e3 c5 5. dxc5 e6 6. b4 Nc6 7. a3 e5 8. Bg5 d4 9. Na4 Be7 10. Nb6 Rb8 11. Nf3 Bf5 12. Bc4 dxe3 13. Bxe3 Qxd1+ 14. Kxd1 Ng4 15. Re1 O-O 16. Kc1 Nxe3 17. fxe3 a5 18. c3 axb4 19. axb4 Rfd8 20. Kb2 g5 21. Rad1 g4 22. Nd2 Bg5 23. Nd5 e4 24. Nb3 Ne5 25. Be2 Be6 26. c4 Bxd5 27. cxd5 Bxe3 28. d6 Bf2 29. Rf1 e3 30. Nd4 h5 31. Nf5 Kf8 32. Kc3 b6 33. Rd5 f6 34. Rxe5 fxe5 35. c6 Rbc8 36. b5 Kf7 37. Ra1 Kf6 38. Bd3 e2 39. Kd2 e1=Q+ 40. Rxe1 Bxe1+ 41. Kxe1 e4 42. Bxe4 Ke5 43. d7 Rc7 44. Bd3 Rcxd7 45. cxd7 Rxd7 46. Ke2 Rxd3 47. Kxd3 Kxf5 48. Kd4 Ke6 49. Ke4 Kd6 50. Kd4 Ke6 51. h4 gxh3 52. gxh3 Kd6 53. h4 Ke6 54. Ke4 Kd6 55. Kf5 Kc5 56. Kg5 Kxb5 57. Kxh5 Kc5 58. Kg4 b5 59. h5 b4 60. h6 b3 61. h7 b2 62. h8=Q b1=Q 63. Qe5+ Kc4 64. Qc7+ Kb3 65. Qb6+ Kc2 66. Qf2+ Kb3 67. Qb6+ Kc2 68. Qc5+ Kb2 69. Qb4+ Kc2 70. Qe4+ Kb2 71. Qb4+ Kc2 72. Qc4+ Kb2 73. Qd4+ Kc2 74. Qf2+ Kb3 75. Qf7+ Kb2 76. Qb7+ Kc2 77. Qe4+ Kb2 78. Qxb1+ Kxb1 1/2-1/2


[Site "https://www.chess.com"]

[Event "Titled Tuesday Blitz May 16 Early 2023"]
[White "Sargissyan, Sargis"]
[Black "Thecourseoisildur"]
[WhiteFideId "13303210"]
[WhiteElo "2109"]
[BlackElo "2556"]
[Result "0-1"]
[Round "08"]
[TimeControl "180+2"]
[Date "2023.05.16"]
[WhiteClock "0:00:00"]
[BlackClock "0:00:02"]

1. e4 c5 2. Nf3 Nc6 3. Bb5 g6 4. O-O Bg7 5. Re1 Nf6 6. e5 Nd5 7. Nc3 Nc7 8. Bxc6 dxc6 9. Ne4 b6 10. Nf6+ Kf8 11. Ne4 Bg4 12. h3 Bxf3 13. Qxf3 Ne6 14. c3 Qd5 15. d3 Rd8 16. Ng5 Nxg5 17. Bxg5 Qxf3 18. gxf3 Rxd3 19. Rad1 Rd5 20. c4 Rxd1 21. Rxd1 Ke8 22. Bf4 h5 23. h4 Bh6 24. Bxh6 Rxh6 25. f4 Rh8 26. Kg2 f6 27. Kf3 fxe5 28. fxe5 Rf8+ 29. Ke3 Rf5 30. f4 Rf7 31. Rg1 Rg7 32. e6 Kf8 33. Ke4 Rg8 34. Ke5 Kg7 35. Rd1 Rf8 36. Rd7 Rf5+ 37. Ke4 Kf6 38. Rxa7 Kxe6 39. Rb7 Kd6 40. Rxb6 e5 41. fxe5+ Rxe5+ 42. Kf4 Rf5+ 43. Kg3 g5 44. hxg5 Rxg5+ 45. Kh4 Re5 46. b3 Kc7 47. Ra6 Kb7 48. Ra4 Rf5 49. Ra5 Kc7 50. Ra7+ Kb6 51. Ra8 Re5 52. Ra4 Kc7 53. Ra7+ Kd6 54. a4 Re3 55. Rb7 Re5 56. a5 Re1 57. a6 Ra1 58. a7 Ke5 59. Kxh5 Kf5 60. Kh4 Kf4 61. Kh3 Kf3 62. Rf7+ Ke4 63. Kg2 Kd4 64. Rb7 Ke3 65. Re7+ Kd3 66. Kf2 Kc3 67. Rb7 Kd3 68. Kf3 Rf1+ 69. Kg4 Ra1 70. Kg3 Kd4 71. Kf2 Ke4 72. Ke2 Ra2+ 73. Kf1 Ke3 74. Kg1 Kf3 75. Re7 Ra3 76. Rb7 Ke3 0-1


[Site "https://www.chess.com"]

[Event "Titled Tuesday Blitz May 16 Early 2023"]
[White "Koutsin, Sergey"]
[Black "Baghdasaryan, Vahe"]
[WhiteFideId "14101483"]
[BlackFideId "13303139"]
[WhiteElo "2381"]
[BlackElo "2216"]
[Result "1-0"]
[Round "08"]
[TimeControl "180+2"]
[Date "2023.05.16"]
[WhiteClock "0:01:12"]
[BlackClock "0:00:00"]

1. d4 Nf6 2. c4 e6 3. Nf3 d5 4. Nc3 Bb4 5. Bg5 h6 6. Bxf6 Qxf6 7. Qa4+ Nc6 8. cxd5 exd5 9. e3 O-O 10. Be2 Bxc3+ 11. bxc3 Ne7 12. c4 c6 13. O-O dxc4 14. Qxc4 Be6 15. Qc2 Rfe8 16. Ne5 Nd5 17. Qb2 Rab8 18. Rac1 Bf5 19. Bf3 Be6 20. Rfe1 Qg5 21. g3 f6 22. Nc4 Bg4 23. Bg2 Re7 24. Nd6 Rd8 25. Ne4 Qg6 26. Nc5 Bc8 27. Qb3 Kh8 28. Nd3 h5 29. e4 Nb6 30. Nf4 Qh6 31. d5 g5 32. Nd3 Bd7 33. Qa3 Rde8 34. Qxa7 Nc8 35. Qd4 h4 36. Nc5 h3 37. Bh1 cxd5 38. Nxd7 Rxd7 39. exd5 Rxe1+ 40. Rxe1 Nd6 41. Bf3 Qg6 42. Bg4 Re7 43. Qd1 Rxe1+ 44. Qxe1 Qd3 45. Bxh3 Qxd5 46. a3 Nc4 47. Bg2 Qd4 48. a4 Ne5 49. a5 1-0


[Site "https://www.chess.com"]

[Event "Titled Tuesday Blitz May 16 Early 2023"]
[White "Buscar, Michael"]
[Black "Demin, Vladimir"]
[WhiteFideId "2603616"]
[BlackFideId "4167457"]
[WhiteElo "2010"]
[BlackElo "2545"]
[Result "0-1"]
[Round "08"]
[TimeControl "180+2"]
[Date "2023.05.16"]
[WhiteClock "0:00:00"]
[BlackClock "0:00:17"]

1. d4 d5 2. c4 e6 3. Nc3 Nf6 4. Nf3 c5 5. cxd5 cxd4 6. Nxd4 Nxd5 7. e4 Nxc3 8. bxc3 Nc6 9. Bb5 Bd7 10. O-O Bc5 11. Be3 Nxd4 12. Bxd7+ Qxd7 13. cxd4 Bb6 14. Qg4 O-O 15. Rfd1 f5 16. exf5 exf5 17. Qh3 Qd5 18. Bf4 Rad8 19. Be5 f4 20. Qb3 f3 21. Rd3 fxg2 22. Qxd5+ Rxd5 23. f4 Rxf4 24. Bxf4 Rxd4 25. Be3 Rxd3 26. Bxb6 axb6 27. Rb1 Rd6 28. a4 Kf7 29. Kxg2 g5 30. Rc1 Ke6 31. Kg3 h5 32. Re1+ Kd5 33. Rb1 Kc6 34. Rb5 Rd3+ 35. Kg2 Rd5 36. Rb4 Ra5 37. Kg3 b5 38. axb5+ Rxb5 39. Re4 Rd5 40. Re6+ Kc5 41. Kf3 b5 42. Rh6 Rd3+ 43. Ke4 Rh3 0-1


[Site "https://www.chess.com"]